BR
GILBERT FIRE FIGHTERS @ LOGAN SWANS
08/12/2027
 
TOP OF THE 1ST
Gilbert Fire Fighters batting - Pitching for Logan Swans : RHP Pablo Ortíz
Pitching: RHP Pablo Ortíz
Batting: RHB Cristián Cauozos 0-0: Ball
1-0: Called Strike
1-1: Swinging Strike
1-2: Strikes out swinging
Batting: RHB George Medine 0-0: Ball
1-0: Called Strike
1-1: Foul Ball, location: 2F
1-2: Foul Ball, location: 2F
1-2: Foul Ball, location: 2F
1-2: SINGLE (Groundball, 4MD)
Batting: SHB George Wells 0-0: Ball
1-0: Ball
2-0: Called Strike
2-1: Reached on error, E2 (Groundball, 15S)
George Medine to third
Batting: LHB Bill Handy 0-0: Ball
1-0: SINGLE (Groundball, 6MD)
George Medine scores
George Wells to third
Batting: RHB Jorge Álvarez 0-0: Ball
1-0: Ball
2-0: Foul Ball, location: 2F
2-1: Foul Ball, location: 2F
2-2: Strikes out swinging
Batting: RHB Carl Curry 0-0: Foul Ball, location: 2F
0-1: Ball
1-1: Foul Ball, location: 2F
1-2: Foul Ball, location: 2F
1-2: Strikes out looking
Top of the 1st over - 1 run(s), 2 hit(s), 1 error(s), 2 left on base; Gilbert 1 - Logan 0
BOTTOM OF THE 1ST
Logan Swans batting - Pitching for Gilbert Fire Fighters : RHP Carl Curry
Pitching: RHP Carl Curry
Batting: SHB Ed Dundee 0-0: Fly out, F5 (Popup, 5L)
Batting: RHB Randall Luna 0-0: Ball
1-0: Foul Ball, location: 2F
1-1: Ground out 6-3 (Groundball, 6)
Batting: RHB Nick Crosby 0-0: Ball
1-0: SOLO HOME RUN (Flyball, 7D), Distance : 402 ft
Batting: RHB Nick Vogel 0-0: Foul Ball, location: 2F
0-1: Ball
1-1: Called Strike
1-2: Strikes out swinging
Bottom of the 1st over - 1 run(s), 1 hit(s), 0 error(s), 0 left on base; Gilbert 1 - Logan 1
TOP OF THE 2ND
Gilbert Fire Fighters batting - Pitching for Logan Swans : RHP Pablo Ortíz
Batting: RHB James Jones 0-0: Ball
1-0: Ground out 5-3 (Groundball, 56S)
Batting: RHB Ángel Rodríguez 0-0: Called Strike
0-1: DOUBLE (Groundball, 5L)
Batting: SHB Javier Bustamante 0-0: Ball
1-0: Ball
2-0: Swinging Strike
2-1: Called Strike
2-2: Ball
3-2: Strikes out swinging
Batting: RHB Cristián Cauozos 0-0: Foul Ball, location: 2F
0-1: Called Strike
0-2: Foul Ball, location: 2F
0-2: Ground out 6-3 (Groundball, 6S)
Top of the 2nd over - 0 run(s), 1 hit(s), 0 error(s), 1 left on base; Gilbert 1 - Logan 1
BOTTOM OF THE 2ND
Logan Swans batting - Pitching for Gilbert Fire Fighters : RHP Carl Curry
Batting: RHB Carlos Jiménez 0-0: Called Strike
0-1: Called Strike
0-2: Ball
1-2: Ball
2-2: Ground out 4-3 (Groundball, 4)
Batting: LHB Roberto Herrera 0-0: Ball
1-0: Fly out, F7 (Line Drive, 7LM)
Batting: RHB Lawrence Ware 0-0: Called Strike
0-1: Ball
1-1: Ball
2-1: Ball
3-1: Called Strike
3-2: Strikes out swinging
Bottom of the 2nd over - 0 run(s), 0 hit(s), 0 error(s), 0 left on base; Gilbert 1 - Logan 1
TOP OF THE 3RD
Gilbert Fire Fighters batting - Pitching for Logan Swans : RHP Pablo Ortíz
Batting: RHB George Medine 0-0: Ball
1-0: Called Strike
1-1: Ball
2-1: Fly out, F9 (Flyball, 9)
Batting: SHB George Wells 0-0: Ball
1-0: Fly out, F7 (Flyball, 7S)
Batting: LHB Bill Handy 0-0: Swinging Strike
0-1: Fly out, F8 (Flyball, 8RS)
Top of the 3rd over - 0 run(s), 0 hit(s), 0 error(s), 0 left on base; Gilbert 1 - Logan 1
BOTTOM OF THE 3RD
Logan Swans batting - Pitching for Gilbert Fire Fighters : RHP Carl Curry
Batting: RHB Eric Patrick 0-0: Swinging Strike
0-1: Foul Ball, location: 2F
0-2: Ground out 6-3 (Groundball, 6)
Batting: RHB Eliot James 0-0: Ball
1-0: Fly out, F9 (Flyball, 9S)
Batting: SHB Ed Dundee 0-0: Ball
1-0: Ball
2-0: Called Strike
2-1: Called Strike
2-2: SOLO HOME RUN (Flyball, 89XD), Distance : 426 ft
Batting: RHB Randall Luna 0-0: Called Strike
0-1: Ball
1-1: Ball
2-1: Swinging Strike
2-2: Strikes out swinging
Bottom of the 3rd over - 1 run(s), 1 hit(s), 0 error(s), 0 left on base; Gilbert 1 - Logan 2
TOP OF THE 4TH
Gilbert Fire Fighters batting - Pitching for Logan Swans : RHP Pablo Ortíz
Batting: RHB Jorge Álvarez 0-0: Called Strike
0-1: Swinging Strike
0-2: Strikes out swinging
Batting: RHB Carl Curry 0-0: Ball
1-0: Ball
2-0: Called Strike
2-1: Fly out, F9 (Flyball, 9S)
Batting: RHB James Jones 0-0: Called Strike
0-1: Ball
1-1: Ball
2-1: Foul Ball, location: 2F
2-2: Foul Ball, location: 2F
2-2: Ground out 6-3 (Groundball, 6)
Top of the 4th over - 0 run(s), 0 hit(s), 0 error(s), 0 left on base; Gilbert 1 - Logan 2
BOTTOM OF THE 4TH
Logan Swans batting - Pitching for Gilbert Fire Fighters : RHP Carl Curry
Batting: RHB Nick Crosby 0-0: Called Strike
0-1: Ball
1-1: Ball
2-1: Foul Ball, location: 2F
2-2: Foul Ball, location: 2F
2-2: Strikes out swinging
Batting: RHB Nick Vogel 0-0: Ball
1-0: Fly out, F9 (Flyball, 9)
Batting: RHB Carlos Jiménez 0-0: Ball
1-0: Foul Ball, location: 2F
1-1: Fly out, F8 (Flyball, 8RD)
Bottom of the 4th over - 0 run(s), 0 hit(s), 0 error(s), 0 left on base; Gilbert 1 - Logan 2
TOP OF THE 5TH
Gilbert Fire Fighters batting - Pitching for Logan Swans : RHP Pablo Ortíz
Batting: RHB Ángel Rodríguez 0-0: Called Strike
0-1: Foul Ball, location: 2F
0-2: Ball
1-2: Ball
2-2: Ball
3-2: Strikes out swinging
Batting: SHB Javier Bustamante 0-0: Ball
1-0: Called Strike
1-1: Foul Ball, location: 2F
1-2: Ground out 1-3 (Groundball, 15)
Batting: RHB Cristián Cauozos 0-0: Called Strike
0-1: Ball
1-1: Swinging Strike
1-2: Strikes out swinging
Top of the 5th over - 0 run(s), 0 hit(s), 0 error(s), 0 left on base; Gilbert 1 - Logan 2
BOTTOM OF THE 5TH
Logan Swans batting - Pitching for Gilbert Fire Fighters : RHP Carl Curry
Batting: LHB Roberto Herrera 0-0: Called Strike
0-1: Foul Ball, location: 2F
0-2: Ball
1-2: SINGLE (Groundball, 6) (infield hit)
Batting: RHB Lawrence Ware 0-0: Called Strike
0-1: Swinging Strike
0-2: SINGLE (Groundball, 5S) (infield hit)
Roberto Herrera to second
Batting: RHB Eric Patrick 0-0: Ball
1-0: Ball
2-0: Reached on error, E4 (Groundball, 4)
Roberto Herrera to third
Lawrence Ware to second
Batting: RHB Eliot James 0-0: Called Strike
0-1: SINGLE (Flyball, 9S)
Roberto Herrera scores
Lawrence Ware to third
Eric Patrick to second
Batting: SHB Ed Dundee 0-0: Ball
1-0: Fly out, F6 (Popup, 6M)
Batting: RHB Randall Luna 0-0: Grounds into double play, 1-2-3 (Groundball, P)
Bottom of the 5th over - 1 run(s), 3 hit(s), 1 error(s), 2 left on base; Gilbert 1 - Logan 3
TOP OF THE 6TH
Gilbert Fire Fighters batting - Pitching for Logan Swans : RHP Pablo Ortíz
Batting: RHB George Medine 0-0: Ball
1-0: Fly out, F8 (Flyball, 8LS)
Batting: SHB George Wells 0-0: Foul Ball, location: 2F
0-1: Fly out, F8 (Flyball, 8RM)
Batting: LHB Bill Handy 0-0: Ball
1-0: Swinging Strike
1-1: Swinging Strike
1-2: Strikes out swinging
Top of the 6th over - 0 run(s), 0 hit(s), 0 error(s), 0 left on base; Gilbert 1 - Logan 3
BOTTOM OF THE 6TH
Logan Swans batting - Pitching for Gilbert Fire Fighters : RHP Carl Curry
Batting: RHB Nick Crosby 0-0: Called Strike
0-1: Foul Ball, location: 2F
0-2: Ball
1-2: Foul Ball, location: 2F
1-2: Fly out, F8 (Flyball, 8RM)
Batting: RHB Nick Vogel 0-0: Fly out, F8 (Flyball, 8RS)
Batting: RHB Carlos Jiménez 0-0: Ball
1-0: Swinging Strike
1-1: Ball
2-1: Foul Ball, location: 2F
2-2: Strikes out swinging
Bottom of the 6th over - 0 run(s), 0 hit(s), 0 error(s), 0 left on base; Gilbert 1 - Logan 3
TOP OF THE 7TH
Gilbert Fire Fighters batting - Pitching for Logan Swans : RHP Pablo Ortíz
Pitching: LHP Homer Bryan
Batting: RHB Jorge Álvarez 0-0: Foul Ball, location: 2F
0-1: Foul Ball, location: 2F
0-2: Strikes out swinging
Batting: RHB Carl Curry 0-0: Ground out U3 (Groundball, 3)
Batting: RHB James Jones 0-0: Called Strike
0-1: Swinging Strike
0-2: Strikes out swinging
Top of the 7th over - 0 run(s), 0 hit(s), 0 error(s), 0 left on base; Gilbert 1 - Logan 3
BOTTOM OF THE 7TH
Logan Swans batting - Pitching for Gilbert Fire Fighters : RHP Carl Curry
Batting: LHB Roberto Herrera 0-0: Called Strike
0-1: Called Strike
0-2: SINGLE (Line Drive, 9LS)
Batting: RHB Lawrence Ware 0-0: Bunted foul
0-1: Sac Bunt - play at first, batter OUT! 5-4
Roberto Herrera to second
Batting: RHB Eric Patrick 0-0: DOUBLE (Line Drive, 7D)
Roberto Herrera scores
Batting: RHB Eliot James 0-0: Intentional Walk
Batting: SHB Ed Dundee 0-0: Ball
Error on foul ball, E7
1-1: SINGLE (Groundball, 34D)
Eric Patrick to third
Eliot James to second
Runner from 3rd tries for Home, throw and OUT!
Eliot James to third
Ed Dundee to second
Batting: RHB Randall Luna 0-0: Called Strike
0-1: Ball
1-1: Ground out 6-3 (Groundball, 6)
Bottom of the 7th over - 1 run(s), 3 hit(s), 1 error(s), 2 left on base; Gilbert 1 - Logan 4
TOP OF THE 8TH
Gilbert Fire Fighters batting - Pitching for Logan Swans : LHP Homer Bryan
Batting: RHB Ángel Rodríguez 0-0: Called Strike
0-1: Ball
1-1: SINGLE (Groundball, 56S) (infield hit)
Pitching: RHP Jimmy MacAulay
Batting: SHB Javier Bustamante 0-0: Fielders Choice at 2nd, 6-4 (Groundball, 6)
Batting: RHB Cristián Cauozos 0-0: Foul Ball, location: 2F
0-1: Foul Ball, location: 2F
0-2: Ball
1-2: Foul Ball, location: 2F
1-2: Fly out, F7 (Flyball, 78S)
Batting: RHB George Medine 0-0: Swinging Strike
0-1: Reached on error, E1 (Line Drive, 15)
Javier Bustamante to second
Batting: SHB George Wells 0-0: Ball
1-0: Ball
2-0: Ball
3-0: Called Strike
3-1: Called Strike
3-2: Ground out 4-3 (Groundball, 4M)
Top of the 8th over - 0 run(s), 1 hit(s), 1 error(s), 2 left on base; Gilbert 1 - Logan 4
BOTTOM OF THE 8TH
Logan Swans batting - Pitching for Gilbert Fire Fighters : RHP Carl Curry
Batting: RHB Nick Crosby 0-0: Called Strike
0-1: Hit by Pitch
Batting: RHB Nick Vogel 0-0: Foul Ball, location: 2F
0-1: Ball
1-1: Ball
2-1: Reached on error, E4 (Groundball, 4)
Nick Crosby to second
Batting: RHB Carlos Jiménez 0-0: Called Strike
0-1: SINGLE (Groundball, 34D)
Nick Crosby to third
Nick Vogel to second
Runner from 3rd tries for Home, SAFE, no throw
Batting: LHB Roberto Herrera 0-0: Foul Ball, location: 2F
0-1: Bunted foul
0-2: Ball
1-2: Foul Ball, location: 2F
1-2: Reached on error, E9 (Flyball, 9)
Nick Vogel to third
Carlos Jiménez to second
Batting: RHB Lawrence Ware 0-0: SINGLE (Line Drive, 56D)
Nick Vogel scores
Carlos Jiménez to third
Roberto Herrera to second
Batting: RHB Eric Patrick 0-0: Ball
1-0: Ball
2-0: SINGLE (Groundball, 6MD)
Carlos Jiménez scores
Roberto Herrera to third
Lawrence Ware to second
Runner from 3rd tries for Home, SAFE, throw made home
Lawrence Ware to third
Eric Patrick to second
Batting: RHB Eliot James 0-0: Ball
1-0: Called Strike
1-1: Foul Ball, location: 2F
1-2: Ball
2-2: Ground out U3 (Groundball, 3)
Batting: SHB Ed Dundee 0-0: Ball
1-0: Fly out, F7 (Flyball, 7)
Runner from 3rd tags up, SCORES, no throw
Batting: RHB Randall Luna 0-0: Ball
1-0: Ball
2-0: Fly out, F5 (Line Drive, 5L)
Bottom of the 8th over - 5 run(s), 3 hit(s), 2 error(s), 1 left on base; Gilbert 1 - Logan 9
TOP OF THE 9TH
Gilbert Fire Fighters batting - Pitching for Logan Swans : RHP Jimmy MacAulay
Now at 3B: Adrián Barrera
Now in LF: Nelson Wright
Batting: LHB Bill Handy 0-0: Ball
1-0: Ball
2-0: Swinging Strike
2-1: Ball
3-1: Swinging Strike
3-2: Strikes out swinging
Batting: RHB Jorge Álvarez 0-0: Foul Ball, location: 2F
0-1: Ball
1-1: Ball
2-1: Foul Ball, location: 2F
2-2: Foul Ball, location: 2F
2-2: Foul Ball, location: 2F
2-2: Ball
3-2: Strikes out looking
Batting: RHB Carl Curry 0-0: Called Strike
0-1: Ball
1-1: Foul Ball, location: 2F
1-2: Foul Ball, location: 2F
1-2: Strikes out looking
Top of the 9th over - 0 run(s), 0 hit(s), 0 error(s), 0 left on base; Gilbert 1 - Logan 9
Thursday, March 30th, 2017 - OOTP Baseball 17.12 Build 75